 Dungeon Crawl Stone Soup version 0.24-a0-277-g67e6301 (webtiles) character file.

Game seed: 6173083144243612137

200 wirefist the Skirmisher (level 5, -2/47 HPs)
             Began as a Draconian Monk on Apr 28, 2019.
             Killed from afar by an orc wizard (7 damage)
             ... with a puff of flame
             ... on level 3 of the Dungeon.
             The game lasted 00:04:27 (2435 turns).

wirefist the Skirmisher (Draconian Monk)            Turns: 2435, Time: 00:04:28

Health: -2/47      AC:  6    Str: 15    XL:     5   Next: 48%
Magic:  5/5        EV: 10    Int: 10    God:
Gold:   180        SH:  8    Dex: 13    Spells: 4/4 levels left

rFire    . . .     SeeInvis .   k - +1 whip (freeze)
rCold    . . .     Gourm    .   i - +0 shield
rNeg     . . .     Faith    .   (armour unavailable)
rPois    .         Spirit   .   (helmet restricted)
rElec    .         Reflect  .   (no cloak)
rCorr    .         Harm     .   f - +0 pair of gloves
MR       .....                  (no boots)
Stlth    ++........             (no amulet)
HPRegen  0.15/turn              (no ring)
MPRegen  0.09/turn              (no ring)

@: no status effects
A: unfitting armour, cold-blooded, AC +5
a: no special abilities


You were on level 3 of the Dungeon.
You were not hungry.

You visited 1 branch of the dungeon, and saw 3 of its levels.

You collected 180 gold pieces.

Inventory:

Hand Weapons
 a - a +0 mace
 k - a +1 whip of freezing (weapon)
Armour
 f - a +0 pair of gloves (worn)
 i - a +0 shield (worn)
Jewellery
 c - a +4 ring of evasion {unknown}
Scrolls
 e - 2 scrolls of teleportation {unknown}
 g - 3 scrolls of remove curse {unknown}
 h - 2 scrolls of amnesia {unknown}
 q - 3 scrolls of blinking {unknown}
Potions
 d - 2 potions of flight {unknown}
 j - a potion of curing {unknown}
 l - a potion of brilliance {unknown}
 m - a potion of lignification {unknown}
 n - a potion of magic {unknown}
 p - a potion of invisibility {unknown}
Comestibles
 b - 7 rations
 o - 4 chunks of flesh


   Skills:
 + Level 4.6 Fighting
 * Level 4.5 Maces & Flails
 - Level 3.1 Dodging
 - Level 1.7 Stealth
 + Level 2.1 Shields


You had 4 spell levels left.
You didn't know any spells.
Your spell library contained the following spells:

 Spells                   Type           Power        Failure   Level  Hunger
 Corona                   Hex            #......      90%         1    ##.....
 Ensorcelled Hibernation  Hex/Ice        #.....       97%         2    ###....
 Confuse                  Hex            #.......     99%         3    ####...
 Dazzling Spray           Conj/Hex       #.....       99%         3    ####...
 Tukima's Dance           Hex            #.......     99%         3    ####...


Dungeon Overview and Level Annotations

Branches:
Dungeon (3/15)

Altars:
Cheibriados
Nemelex Xobeh
Sif Muna
Uskayaw
Wu Jian


Innate Abilities, Weirdness & Mutations

Your plain brown scales are hard. (AC +5)
You cannot fit into any form of body armour.
You are cold-blooded and may be slowed by cold attacks.


Message History

The orc barely misses you.
You hit the orc. You freeze the orc.
The orc is moderately wounded.
The orc wizard casts a spell at you. The puff of frost hits you!
* * * LOW HITPOINT WARNING * * *
You block the orc's attack.
You barely miss the orc.
The orc is moderately wounded.
The orc wizard hits you but does no damage.
You hit the orc but do no damage.
The orc is moderately wounded.
You block the orc's attack. You block the orc wizard's attack.
You closely miss the orc.
Your tail-slap misses the orc.
The orc is moderately wounded.
The orc hits you with a +1 flail of protection.
* * * LOW HITPOINT WARNING * * *
The orc wizard casts a spell at you. The puff of flame hits you!
You die...

.... ... # ... #.#
#.#.# #.# #%#.###.#
#.......# ###'#####
##...## ##.....##
####@).....## # ###
..#oog......####...#
...
.'.........'.......
###
#.#.........####.....
#.##.......## #. #
##.....## #. ##...##
#. ##'########## #.
#.##.......# #.


You could see an orc wizard, an orc and a hobgoblin.

Vanquished Creatures
  A bullfrog (D:2)
  Natasha (D:3)
  5 adders
  An ooze (D:2)
  A worm (D:3)
  4 dart slugs
  2 leopard geckos
  2 orcs (D:3)
  5 giant cockroaches
  5 goblins
  4 hobgoblins (D:2)
  3 jackals (D:2)
  6 kobolds
  3 bats
  3 frilled lizards
  9 rats
55 creatures vanquished.

Notes
Turn   | Place    | Note
-------+----------+-------------------------------------------
     0 | D:1      | wirefist the Draconian Monk began the quest for the Orb.
     0 | D:1      | Reached XP level 1. HP: 19/19 MP: 1/1
   441 | D:1      | Reached XP level 2. HP: 26/26 MP: 2/2
   605 | D:2      | Reached XP level 3. HP: 23/33 MP: 3/3
   662 | D:2      | Noticed a bullfrog
   667 | D:2      | Killed a bullfrog
   667 | D:2      | Reached skill level 1 in Shields
   667 | D:2      | Reached XP level 4. HP: 28/40 MP: 4/4
  1144 | D:2      | Found an ornate altar of the Wu Jian Council.
  1638 | D:3      | Reached XP level 5. HP: 47/47 MP: 5/5
  1676 | D:3      | Found a deep blue altar of Sif Muna.
  1678 | D:3      | Found a snail-covered altar of Cheibriados.
  1678 | D:3      | Found a sparkling altar of Nemelex Xobeh.
  1679 | D:3      | Found a hide-covered altar of Uskayaw.
  1883 | D:3      | Noticed Natasha
  1893 | D:3      | Killed Natasha
  2435 | D:3      | Killed from afar by an orc wizard

Levels and vault maps discovered:
D:1:      saegor_arrival_miasma, layout_basic, chequers_serial_rivers_small_a
D:2:      layout_loops_cross, nicolae_overflow_crystal_walls, grunt_ministairs_9
D:3:      layout_loops_corners, minitemple, first_ration, st_stairs_4,
          uniq_natasha

Skill      XL: |  1  2  3  4  5 |
---------------+----------------+-----
Dodging        | 3 |  3.1
Fighting       | 4 |  4.6
Shields        | 1 2 |  2.1
Maces & Flails | 4 |  4.5
Stealth        | |  1.7

Action                   |  1- 3 |  4- 6 || total
-------------------------+-------+-------++-------
Melee: Mace              |    53 |    26 ||    79
       Tailslap          |     6 |    13 ||    19
       Whip              |       |   106 ||   106
 Stab: Sleeping          |     4 |     3 ||     7
  Eat: Chunk             |       |     5 ||     5
Armor: Skin              |    22 |    31 ||    53
Dodge: Dodged            |    36 |    47 ||    83
Block: Shield            |     3 |    41 ||    44

Table legend:
 A = Non-vault XP
 B = Vault XP
 C = Vault XP percentage of total XP
 D = Non-vault monster count
 E = Vault monster count
 F = Vault count percentage of total count
                 A         B        C        D         E       F
            +---------+---------+-------+---------+---------+-------
      Total |     237 |      49 |  17.1 |      51 |       4 |   7.3
            +---------+---------+-------+---------+---------+-------
        D:1 |      14 |       1 |   6.7 |       9 |       1 |  10.0
        D:2 |     149 |      13 |   8.0 |      23 |       1 |   4.2
        D:3 |      74 |      35 |  32.1 |      19 |       2 |   9.5
            +---------+---------+-------+---------+---------+-------
